 Dungeon Crawl Stone Soup version 0.29.1-1-gd02db6906a (webtiles) character file.

Game seed: 17200405773755667818

787 RatsInWalls the Cleaver (level 7, -1/64 HPs)
             Began as a Hill Orc Monk on Oct 21, 2022.
             Succumbed to their own poison gas
             ... on level 5 of the Dungeon.
             The game lasted 00:09:05 (4015 turns).

RatsInWalls the Cleaver (Hill Orc Monk)             Turns: 4015, Time: 00:09:06

Health: -1/64      AC: 11    Str: 16    XL:     7   Next: 87%
Magic:  7/7        EV:  7    Int: 10    God:
Gold:   214        SH:  0    Dex: 13    Spells: 6/6 levels left

rFire   + . .      SeeInvis .   w - +0 spear (vorpal)
rCold   + . .      Faith    .   (no shield)
rNeg    . . .      Spirit   .   h - +0 chain mail
rPois   +          Reflect  .   (no helmet)
rElec   +          Harm     .   (no cloak)
rCorr   +          Rampage  .   (no gloves)
Will    .....                   n - +0 pair of boots
Stlth   ..........              j - amulet of regeneration
HPRegen 1.00/turn               k - ring of flight
MPRegen 0.10/turn               (no ring)

@: lethally poisoned (-1 -> -8), resistant, weak-willed, flying
A: no striking features
a: no special abilities


You were on level 5 of the Dungeon.
You visited 1 branch of the dungeon, and saw 5 of its levels.

You collected 214 gold pieces.

Inventory:

Hand Weapons
 a - a +1 hand axe
 w - a +0 vorpal spear (weapon)
Missiles
 q - 5 poisoned darts (quivered)
Armour
 h - a +0 chain mail (worn)
 n - a +0 pair of boots (worn)
Jewellery
 j - an amulet of regeneration (around neck)
 k - a ring of flight (left hand)
 p - a ring of poison resistance
 v - an amulet of faith
Scrolls
 d - a scroll of blinking {unknown}
 f - a scroll of fear {unknown}
 g - 2 scrolls of enchant armour
 o - a scroll of poison
 r - a scroll of identify
 t - a scroll of enchant weapon
Potions
 c - 2 potions of invisibility {unknown}
 e - a potion of degeneration {unknown}
 i - a potion of resistance
 l - a potion of flight
 m - 2 potions of mutation {unknown}


   Skills:
 + Level 6.4 Fighting
 + Level 8.1 Axes
 + Level 5.0 Armour
 - Level 2.4 Dodging
 - Level 1.5 Stealth


You had 6 spell levels left.
You didn't know any spells.
Your spell library was empty.

Dungeon Overview and Level Annotations

Branches:
Dungeon (5/15)
 Temple: D:4-7

Altars:

Annotations:
D:3 Sigmund
D:5 Edmund


Message History

You hear a loud clanging noise!
It was a scroll of noise.
You hear a shout!
You hear an angry buzzing noise.
You hear a shout! x4
You hear an angry hiss.
An orc warrior comes into view. It is wielding a +0 battleaxe.
The yak gores you.
As you read the scroll labelled LEIWKOKYVA, it crumbles to dust.
Magic quickly surges around you.
It was a scroll of vulnerability.
The yak gores you!
The air fills with toxic fumes!
As you read the scroll labelled BIFAEZ SOICSE, it crumbles to dust.
It was a scroll of poison.
Really fly into that cloud of poison gas?
Okay, then.
Okay, then.
Really fly into that cloud of poison gas?
You are engulfed in poison gas.
You are poisoned.
* * * LOW HITPOINT WARNING * * *
x2 You feel very sick.
Edmund says, "Everyone always remembers my brother. 'Who's Edmund?' they ask!"
Unknown command.
You feel better.
You are engulfed in poison gas.
You are poisoned.
* * * LOW HITPOINT WARNING * * *
You feel very sick.
You are engulfed in poison gas.
You are lethally poisoned!
* * * LOW HITPOINT WARNING * * *
x2 You feel extremely sick.
Unknown command.
You feel better.
You are engulfed in poison gas.
You are poisoned.
* * * LOW HITPOINT WARNING * * *
x2 You feel very sick.
The yak is engulfed in poison gas.
The yak is poisoned.
The yak barely misses you.
Unknown command.
You feel protected.
You die...

..# #.#
#......
#.#
#######.
#.#
........
#§#
#######.
#§#
.....#
#§#
####.#
#§# #§#
#@# #Y#
#Y# #Y#
#.# #Y#
#@# #.#


#oY You could see Edmund (weak-willed) and 4 yaks.

Vanquished Creatures
  Grinder (D:3)
  2 phantoms (D:4)
  A scorpion (D:4)
  A killer bee (D:5)
  A hound (D:4)
  An iguana (D:4)
  An orc wizard (D:3)
  Natasha (D:2)
  Terence (D:3)
  Robin (D:2)
  7 adders
  An ufetubus (D:2)
  4 worms
  4 dart slugs
  8 orcs
  8 ball pythons
  10 endoplasms
  5 giant cockroaches
  11 hobgoblins
  7 bats
  6 frilled lizards
  18 goblins
  8 kobolds
  11 rats
119 creatures vanquished.

Vanquished Creatures (others)
  4 toadstools (D:1)
4 creatures vanquished.

Grand Total: 123 creatures vanquished

Notes
Turn   | Place    | Note
-------+----------+-------------------------------------------
     0 | D:1      | RatsInWalls the Hill Orc Monk began the quest for the Orb.
     0 | D:1      | Reached XP level 1. HP: 19/19 MP: 1/1
   229 | D:1      | Found a faded altar of an unknown god.
   233 | D:1      | Reached XP level 2. HP: 27/27 MP: 2/2
   472 | D:1      | Reached skill level 1 in Armour
   650 | D:1      | Reached XP level 3. HP: 31/33 MP: 3/3
  1103 | D:2      | Reached skill level 5 in Axes
  1274 | D:2      | Noticed Robin
  1292 | D:2      | Reached XP level 4. HP: 25/40 MP: 4/4
  1339 | D:2      | Killed Robin
  1474 | D:2      | Noticed Natasha
  1648 | D:2      | Killed Natasha
  1649 | D:2      | Reached XP level 5. HP: 43/47 MP: 5/5
  1706 | D:2      | Reached skill level 6 in Axes
  2443 | D:3      | Noticed Grinder
  2550 | D:3      | Reached skill level 5 in Fighting
  2550 | D:3      | Reached XP level 6. HP: 56/56 MP: 6/6
  2558 | D:3      | Noticed Sigmund
  2655 | D:3      | Noticed Terence
  2684 | D:3      | Killed Terence
  2802 | D:3      | Killed Grinder
  2803 | D:3      | Reached skill level 7 in Axes
  2803 | D:3      | Reached XP level 7. HP: 48/61 MP: 7/7
  3771 | D:4      | Reached skill level 8 in Axes
  3925 | D:5      | Entered Level 5 of the Dungeon
  3984 | D:5      | Noticed a yak
  3984 | D:5      | Noticed a yak
  3995 | D:5      | Reached skill level 5 in Armour
  3999 | D:5      | Noticed a yak
  4001 | D:5      | Noticed a yak
  4001 | D:5      | Noticed a yak
  4006 | D:5      | Noticed Edmund
  4014 | D:5      | HP: 2/64 [poisoned by you (poison gas)]
  4015 | D:5      | Succumbed to their own poison gas

Illustrated notes

Levels and vault maps discovered:
D:1:      ldierk_walled_garden_2, layout_basic,
          hellmonk_ecumenical_altar_slurped_away, fountainhead, minmay_quantized
D:2:      layout_basic, nicolae_hexahallways, minmay_fractal_squares_5,
          uniq_robin, uniq_natasha
D:3:      layout_rooms, chequers_temple_overflow_minitemple, st_stairs_3,
          nicolae_elevator_lobby_asterisk, uniq_grinder, uniq_terence,
          uniq_sigmund
D:4:      layout_loops_corners, minmay_bisected
D:5:      layout_rooms, minmay_temple_entry_glass, uniq_eustachio, uniq_pikel,
          uniq_edmund

Skill      XL: |  1  2  3  4  5  6  7 |
---------------+----------------------+-----
Armour         | 1 2 4 5 |  5.0
Fighting       | 4 5 6 |  6.4
Axes           | 5 6 7 8 |  8.1
Dodging        | |  2.4
Stealth        | |  1.5

Action                   |  1- 3 |  4- 6 |  7- 9 || total
-------------------------+-------+-------+-------++-------
Melee: Hand axe          |   127 |   244 |   107 ||   478
       Punch             |     2 |     1 |     2 ||     5
       Spear             |       |       |    19 ||    19
  Use: Potion            |       |     4 |     3 ||     7
       Scroll            |       |     6 |     3 ||     9
 Stab: Sleeping          |     1 |       |       ||     1
Armor: Robe              |     1 |       |       ||     1
       Ring mail         |    56 |    91 |       ||   147
       Chain mail        |       |     7 |    60 ||    67
Dodge: Dodged            |    79 |   152 |    35 ||   266
